 Dungeon Sprint DCSS version 0.21-a0-104-g7b58145 (webtiles) character file.

10 Kidiri the Sneak (level 2, -5/21 HPs)
             Began as a Spriggan Enchanter on July 6, 2017.
             Slain by a necrophage (6 damage)
             ... in the Dungeon (Sprint II: "The Violet Keep of Menkaure").
             The game lasted 00:00:40 (199 turns).

Kidiri the Sneak (Spriggan Enchanter)                Turns: 199, Time: 00:00:40

Health: -5/21      AC:  2    Str:  9    XL:     2   Next: 10%
Magic:  7/7        EV: 19    Int: 16    God:
Gold:   243        SH:  0    Dex: 16    Spells: 5/8 levels left

rFire    . . .     SeeInvis +   a - +1 dagger
rCold    . . .     Gourm    .   (shield restricted)
rNeg     . . .     Faith    .   b - +0 robe
rPois    .         Spirit   .   (helmet restricted)
rElec    .         Reflect  .   (no cloak)
rCorr    .         Harm     .   (gloves unavailable)
MR       .....     NoTele   +   (boots unavailable)
Stlth    ..........             (no amulet)
HPRegen  0.07/turn              (no ring)
MPRegen  0.10/turn              (no ring)

@: berserking, very quick
A: unfitting armour, see invisible, herbivore 3, speed 3, slow metabolism 2
a: no special abilities


You were in the Dungeon.
You were not hungry.

You visited 1 branch You collected 243 gold pieces.

Inventory:

Hand Weapons
 a - a +1 dagger (weapon)
Armour
 b - a +0 robe (worn)
Scrolls
 j - a scroll of blinking
Potions
 e - a potion of curing
 f - a potion of heal wounds
 g - a potion of haste
 h - 2 potions of magic
Books
 c - a book of Maledictions

   Spells                             Type                      Level
   a - Corona                         Hexes                        1
   b - Ensorcelled Hibernation        Hexes/Ice                    2
   c - Confuse                        Hexes                        3
   d - Tukima's Dance                 Hexes                        3
   e - Dazzling Spray                 Conjuration/Hexes            3
Comestibles
 d - a bread ration


   Skills:
 + Level 0.5 Fighting
 * Level 2.1 Short Blades
 + Level 0.5 Armour
 * Level 3.6 Dodging
 * Level 5.2 Stealth
 * Level 3.8 Spellcasting
 + Level 3.9 Hexes


You had 5 spell levels left.
You knew the following spells:

 Your Spells              Type           Power        Failure   Level  Hunger
a - Corona                Hex            ###....      3%          1    None
b - Ensorcelled Hibernat  Hex/Ice        #.....       12%         2    ##.....


Dungeon Overview and Level Annotations

Branches:
Dungeon (1/1)

Altars:


Innate Abilities, Weirdness & Mutations

You are very small and have problems with some larger weapons.
You are too small for most types of armour.
You have supernaturally acute eyesight. (SInv)
You are a herbivore.
You cover ground extremely quickly.
You need consume almost no food.


Message History

Unknown command.
There is an open door here.
The necrophage hits you.
Found 243 gold pieces.
Unknown command.
A red film seems to cover your vision as you go berserk!
You feel yourself moving faster!
You feel mighty! The necrophage misses you. x2
The necrophage barely misses you.
Unknown command.
You puncture the necrophage!
The necrophage is heavily damaged.
The necrophage completely misses you. The necrophage hits you.
The necrophage hits you!
* * * LOW HITPOINT WARNING * * *
You hit the necrophage.
The necrophage is severely damaged.
You hit the necrophage.
The necrophage is almost destroyed.
The necrophage closely misses you. The necrophage hits you.
You die...

##. $## ## .w
w. .# .#. ###
.##
#+###.##..#
##.##...#..#
+.<.+.##+..#
##.####.#....#
##n#
#.##......≈
#@#.###
≈.....≈
#nn#.n#
≈≈≈≈..≈
##.$.##
§≈§≈≈.≈ ##+##
§≈≈≈≈≈≈
≈§§≈≈≈≈


You could see 3 necrophages.

Vanquished Creatures
  3 worms (D)
3 creatures vanquished.

Vanquished Creatures (others)
  A crocodile (D)
1 creature vanquished.

Grand Total: 4 creatures vanquished

Notes
Turn   | Place    | Note
-------+----------+-------------------------------------------
     0 | D        | Kidiri the Spriggan Enchanter began the quest for the Orb.
     0 | D        | Reached XP level 1. HP: 9/9 MP: 5/5
     1 | D        | Noticed a tyrant leech
     1 | D        | Noticed a tyrant leech
     9 | D        | Reached skill level 5 in Stealth
    16 | D        | Noticed a crocodile
    18 | D        | Reached XP level 2. HP: 14/14 MP: 5/7
   135 | D        | Killed a crocodile
   191 | D        | Learned a level 2 spell: Ensorcelled Hibernation
   193 | D        | Noticed a necrophage
   193 | D        | Noticed a necrophage
   193 | D        | Noticed a necrophage
   193 | D        | Noticed a necrophage
   197 | D        | HP: 1/21 [necrophage (8)]
   199 | D        | Slain by a necrophage

Vault maps used:
D:        the_violet_keep_of_menkaure

Skill      XL: |  1 |
---------------+----+-----
Spellcasting   | 3 |  3.8
Short Blades   | 2 |  2.1
Stealth        | 5 |  5.2
Fighting       | |  0.5
Armour         | |  0.5
Dodging        | |  3.6
Hexes          | |  3.9

Action                   || total
-------------------------++-------
Melee: Dagger            ||     6
  Use: Potion            ||     1
 Stab: Sleeping          ||     3
Dodge: Dodged            ||     5
